 Dungeon Crawl Stone Soup version 0.27-a0-1281-ge233d83751 (webtiles) character file.

Game seed: 1959652152279076073

11 Vomitron the Skirmisher (level 2, -1/24 HPs)
             Began as a Human Fighter on June 13, 2021.
             Slain by a quokka (4 damage)
             ... on level 1 of the Dungeon.
             The game lasted 00:00:24 (338 turns).

Vomitron the Skirmisher (Human Fighter)              Turns: 338, Time: 00:00:24

Health: -1/24      AC:  6    Str: 16    XL:     2   Next: 40%
Magic:  2/2        EV:  6    Int:  8    God:
Gold:   7          SH:  8    Dex: 12    Spells: 1/1 levels left

rFire    . . .     SeeInvis .   a - +0 long sword
rCold    . . .     Faith    .   c - +0 kite shield
rNeg     . . .     Spirit   .   b - +0 scale mail
rPois    .         Reflect  .   (no helmet)
rElec    .         Harm     .   (no cloak)
rCorr    .         Rampage  .   (no gloves)
Will     .....                  (no boots)
Stlth    ..........             (no amulet)
HPRegen  0.08/turn              (no ring)
MPRegen  0.08/turn              (no ring)

@: no status effects
A: no striking features
a: no special abilities


You were on level 1 of the Dungeon.
You visited 1 branch of the dungeon, and saw 1 of its levels.

You collected 7 gold pieces.

Inventory:

Hand Weapons
 a - a +0 long sword (weapon)
Armour
 b - a +0 scale mail (worn)
 c - a +0 kite shield (worn)
Potions
 d - a potion of might
 e - a potion of attraction {unknown}


   Skills:
 + Level 3.1 Fighting
 * Level 2.4 Long Blades
 + Level 3.1 Armour
 + Level 3.1 Shields


You had one spell level left.
You didn't know any spells.
Your spell library was empty.

Dungeon Overview and Level Annotations

Branches:
Dungeon (1/15)

Altars:


Message History

The kobold is heavily wounded.
The quokka bites you. The frilled lizard bites you.
The kobold hits you with a +0 club.
The quokka bites you but does no damage.
You block the frilled lizard's attack.
You barely miss the kobold.
The kobold is heavily wounded.
The kobold hits you with a +0 club. The quokka bites you.
The frilled lizard barely misses you. The kobold barely misses you.
The quokka barely misses you.
You riposte.
You closely miss the quokka.
You are too injured to fight recklessly!
You are too injured to fight recklessly!
You are too injured to fight recklessly!
You are too injured to fight recklessly!
You are too injured to fight recklessly!
You are too injured to fight recklessly!
You are too injured to fight recklessly!
You are too injured to fight recklessly!
You are too injured to fight recklessly!
You are too injured to fight recklessly!
You are too injured to fight recklessly!
You are too injured to fight recklessly!
Unknown command.
The quokka bites you.
* * * LOW HITPOINT WARNING * * *
You closely miss the frilled lizard.
The frilled lizard bites you but does no damage.
The frilled lizard bites you.
* * * LOW HITPOINT WARNING * * *
You miss the frilled lizard.
The frilled lizard hisses.
You block the frilled lizard's attack.
You hit the frilled lizard but do no damage.
The frilled lizard bites you but does no damage.
You block the frilled lizard's attack.
You hit the frilled lizard.
You kill the frilled lizard!
You closely miss the quokka. The quokka barely misses you.
You riposte.
You barely miss the quokka. The quokka bites you.
You die...

#.# #..# # ........# #.# #..#
# ........# #.# #.#..# #
........# #.# #.#..# #
........# #.# #.#..# #
........# #.# #.#.†# #
........# #.# #.#..###
......).########.# #.#.....
#>.......Kbr@..# #.##.#.#
#######################.##.#..
...).....).................###
#######.###############.#..#..
#.# #.#..#.# #.### #.#..#.#
#####...## .....#.#
##........# #.##.#.#
#..####...# #....#.#


You could see a quokka, a bat and a kobold.

Vanquished Creatures
  A bat (D:1)
  An endoplasm (D:1)
  A goblin (D:1)
  A hobgoblin (D:1)
  3 jackals (D:1)
  2 ball pythons (D:1)
  A frilled lizard (D:1)
10 creatures vanquished.

Notes
Turn   | Place    | Note
-------+----------+-------------------------------------------
     0 | D:1      | Vomitron the Human Fighter began the quest for the Orb.
     0 | D:1      | Reached XP level 1. HP: 18/18 MP: 1/1
   129 | D:1      | Reached XP level 2. HP: 18/24 MP: 2/2
   338 | D:1      | Slain by a quokka

Illustrated notes

Levels and vault maps discovered:
D:1:      dpeg_arrival_pits, layout_basic, dk_noncrumbling_2

Action                   || total
-------------------------++-------
Melee: Long sword        ||    33
Armor: Scale mail        ||    21
Dodge: Dodged            ||    13
Block: Kite shield       ||    23
       Rpst.: Long sword ||     6

Table legend: (Time is in decaauts)
 A = Elapsed time spent in this place.
 B = Non-inter-level travel time spent in this place.
 C = Inter-level travel time spent in this place.
 D = Time resting spent in this place.
 E = Time spent auto-exploring this place.
 F = Levels seen in this place.
 G = Mean time per level.
                   A        B        C        D        E       F      G
               +--------+--------+--------+--------+--------+-----+--------+
         Total |    355 |    355 |      0 |      0 |    276 |   1 |  355.0 |
       Dungeon |    355 |    355 |      0 |      0 |    276 |   1 |  355.0 |
               +--------+--------+--------+--------+--------+-----+--------+

Top non-repeatable levels by time:
     D:1: 355 daAuts
